 Dungeon Crawl Stone Soup version 0.28-a0-1510-gd0f6b136d3 (webtiles) character file.

Game seed: 6476283394091451263

25032 funkygono the Thaumaturge (level 13, -22/88 HPs)
             Began as a Human Fire Elementalist on Jan 14, 2022.
             Was a High Priest of Kikubaaqudgha.
             Shot with a bolt by a yaktaur (27 damage)
             ... on level 13 of the Dungeon.
             The game lasted 00:38:55 (16810 turns).

funkygono the Thaumaturge (HuFE)                   Turns: 16810, Time: 00:38:55

Health: -22/88     AC:  8    Str:  9    XL:     13   Next: 47%
Magic:  31/38      EV: 14    Int: 26    God:    Kikubaaqudgha [*****.]
Gold:   732        SH:  0    Dex: 14    Spells: 4/37 levels left

rFire   + . .      SeeInvis .   h - staff of fire
rCold   . . .      Faith    .   (no shield)
rNeg    . . .      Spirit   .   C - +1 robe "Lypuisk" {rPois MP+9}
rPois   +          Reflect  .   l - +0 helmet
rElec   .          Harm     .   z - +1 cloak
rCorr   .          Rampage  .   i - +1 pair of gloves
Will    .....                   (no boots)
Stlth   ++........              r - amulet of regeneration
HPRegen 1.04/turn               B - +6 ring of intelligence
MPRegen 0.26/turn               m - ring of wizardry

@: no status effects
A: no striking features
a: Renounce Religion, Receive Corpses, Torment


You were on level 13 of the Dungeon.
You worshipped Kikubaaqudgha.
Kikubaaqudgha was extremely pleased with you.
You visited 2 branches of the dungeon, and saw 14 of its levels.
You also visited: Sewer.

You collected 732 gold pieces.

Inventory:

Hand Weapons
 e - a +2 whip of draining
 p - a +0 whip of flaming
 t - a +1 flail of protection
Armour
 a - a +0 robe
 b - a +0 leather armour
 d - a +1 hat
 i - a +1 pair of gloves (worn)
 l - a +0 helmet (worn)
 z - a +1 cloak (worn)
 C - the +1 robe "Lypuisk" (worn) {rPois MP+9}
   (You found it on level 10 of the Dungeon)

   rPois:     It protects you from poison.
   MP:        It affects your magic capacity (+9).
 D - a +2 tower shield
 G - a +0 scale mail of poison resistance
Magical Staves
 h - a staff of fire (weapon)
Jewellery
 m - a ring of wizardry (right hand)
 r - an amulet of regeneration (around neck)
 w - a +6 ring of dexterity
 y - a ring of protection from fire
 B - a +6 ring of intelligence (left hand)
 H - a ring of wizardry
 Q - a +4 ring of evasion
Wands
 E - a wand of flame (3)
 F - a wand of paralysis (7)
 K - a wand of acid (7)
Scrolls
 j - 4 scrolls of teleportation
 x - a scroll of fear
 J - a scroll of holy word {unknown}
 L - a scroll of summoning
 P - a scroll of acquirement
Potions
 c - 3 potions of curing
 f - 4 potions of heal wounds
 g - a potion of might
 k - 2 potions of lignification
 n - 2 potions of brilliance
 o - a potion of haste
 q - a potion of cancellation
 s - 3 potions of mutation
 u - a potion of attraction
 v - 2 potions of invisibility {unknown}
 A - 4 potions of berserk rage
 I - a potion of degeneration {unknown}
 M - a potion of flight {unknown}
Miscellaneous
 N - a condenser vane
 O - a piece from Xom's chessboard (15/15)


   Skills:
 + Level 4.1 Fighting
 + Level 3.4 Staves
 + Level 5.3 Dodging
 - Level 2.0 Stealth
 + Level 12.5 Spellcasting
 + Level 9.9 Conjurations
 + Level 6.3 Necromancy
 + Level 12.0 Fire Magic


You had 4 spell levels left.
You knew the following spells:

 Your Spells              Type           Power      Damage    Failure   Level
a - Foxfire               Conj/Fire      100%       2x1d9     1%          1
b - Scorch                Fire           100%       2d10      1%          2
c - Conjure Flame         Conj/Fire      84%        6-21      1%          3
d - Flame Wave            Conj/Fire      84%        2d12      1%          4
e - Sticky Flame          Conj/Fire      84%        2d10      1%          4
f - Vampiric Draining     Necr           49%        2d9       1%          3
g - Animate Skeleton      Necr           98%        N/A       1%          1
h - Sublimation of Blood  Necr           49%        N/A       1%          2
i - Animate Dead          Necr           24%        N/A       1%          4
j - Dispel Undead         Necr           49%        3d18      1%          4
k - Agony                 Necr           49%        N/A       3%          5

Your spell library contained the following spells:

 Spells                   Type           Power      Damage    Failure   Level
 Beastly Appendage        Tmut           32%        N/A       1%          1
 Slow                     Hex            64%        N/A       1%          1
 Corpse Rot               Necr/Air       64%        N/A       1%          2
 Static Discharge         Conj/Air       42%        N/A       1%          2
 Ignite Poison            Fire/Tmut/Pois 54%        N/A       1%          3
 Inner Flame              Hex/Fire       64%        N/A       1%          3
 Wereblood                Tmut           16%        N/A       2%          2
 Confusing Touch          Hex            16%        N/A       4%          3
 Gell's Gravitas          Tloc           16%        N/A       4%          3
 Lesser Beckoning         Tloc           16%        N/A       4%          3
 Ozocubu's Armour         Ice            16%        N/A       4%          3
 Spider Form              Tmut/Pois      16%        N/A       4%          3
 Teleport Other           Tloc           16%        N/A       4%          3
 Anguish                  Hex/Necr       16%        N/A       4%          4
 Excruciating Wounds      Necr           24%        N/A       3%          5
 Borgnjor's Vile Clutch   Necr/Erth      16%        N/A       11%         5
 Death Channel            Necr           24%        N/A       16%         6
 Dispersal                Tloc           8%         N/A       89%         6
 Summon Cactus Giant      Summ           8%         N/A       89%         6
 Ozocubu's Refrigeration  Ice            8%         4d6       100%        7
 Disjunction              Tloc           8%         N/A       100%        8


Dungeon Overview and Level Annotations

Branches:
Dungeon (13/15)            Temple (1/1) D:4            Lair (0/6) D:10
    Orc (0/2) D:9           Sewer (visited)
 Vaults: D:13-14

Altars:
Ashenzari
Cheibriados
Dithmenos
Elyvilon
Fedhas
Gozag
Hepliaklqana
Kikubaaqudgha
Makhleb
Nemelex Xobeh
Okawaru
Qazlal
Ru
Sif Muna
Trog
Uskayaw
Vehumet
Wu Jian
Xom
Yredelemnul
Zin
The Shining One
Beogh

Shops:
D:7 *

Annotations:
D:13 1 runed translucent door, Tenar's ghost, journeyman GrEE


Message History

Confirm with . or Enter, or press ? or * to list all spells.
You feel a surge of power!
You conjure some foxfire!
The yaktaur shoots a bolt.
The bolt hits you!!
Casting: Foxfire (safe; 1% risk of failure)
Confirm with . or Enter, or press ? or * to list all spells.
You feel a surge of power!
You conjure some foxfire!
The foxfire hits the yaktaur but does no damage.
The yaktaur is lightly wounded.
The foxfire hits the yaktaur!
The yaktaur is moderately wounded.
Casting: Foxfire (safe; 1% risk of failure)
Confirm with . or Enter, or press ? or * to list all spells.
You feel a surge of power!
You conjure some foxfire!
The foxfire hits the yaktaur but does no damage.
The yaktaur is moderately wounded.
The foxfire hits the yaktaur.
The yaktaur is moderately wounded.
The foxfire hits the yaktaur.
The yaktaur is heavily wounded.
The yaktaur shoots a bolt.
The bolt hits you!!
* * * LOW HITPOINT WARNING * * *
Casting: Foxfire (safe; 1% risk of failure)
Confirm with . or Enter, or press ? or * to list all spells.
You feel a surge of power!
You conjure some foxfire!
The foxfire hits the yaktaur.
The yaktaur is heavily wounded.
The foxfire hits the yaktaur.
The yaktaur is heavily wounded.
The yaktaur shoots a bolt.
The bolt hits you!!
* * * LOW HITPOINT WARNING * * *
Casting: Foxfire (safe; 1% risk of failure)
Confirm with . or Enter, or press ? or * to list all spells.
You feel a surge of power!
You conjure some foxfire!
The foxfire hits the yaktaur.
The yaktaur is severely wounded.
The foxfire hits the yaktaur.
The yaktaur is almost dead.
The yaktaur shoots a bolt.
The bolt hits you!!
You die...
Kikubaaqudgha rasps: "You have failed me!
Welcome... death!"

<....<..#....##..#.##.....#...###
........#........#...............
........#........................
...##............................
......##.....v...................
.#....##.....c§..................
.............§.§§.....#..........
.......(......§§§§...............
...............v@§.......#.......
........)[.....v#.>......#.......
.......#####......#....###.......
......^# ###......#..............
+#.....# #.))....................
.#...[.# #.#...............#####.
##....####'######............# #.
#....#.....# §W#...##.......# #.
#....#.....# §C+...##.......# ##


You could see a yaktaur (ally target).

Vanquished Creatures
  3 vault guards (D:13)
  3 hydras
  A boulder beetle (D:13)
  A two-headed ogre (D:9)
  A catoblepas (D:13)
  A death drake (shapeshifter) (D:13)
  Pikel (D:5)
  A wizard (D:13)
  A deep elf pyromancer (D:13)
  A necromancer (D:13)
  2 ugly things
  A cyclops (D:12)
  A manticore (D:11)
  3 gargoyles (D:12)
  An unseen horror (D:10)
  2 komodo dragons
  5 trolls
  Grinder (D:5)
  3 shadows
  Sigmund (D:6)
  9 yaks
  14 humans (D:13)
  5 wraiths
  3 acid dragons
  2 water moccasins
  A sky beast (D:5)
  15 orc warriors
  A black bear (D:10)
  2 necrophages
  3 centaurs
  10 ogres
  A phantom (D:4)
  2 lemures (D:5)
  6 kobold brigands
  A gnoll sergeant (D:9)
  2 bullfrogs
  2 scorpions (D:10)
  A wyvern zombie (D:8)
  2 water moccasin zombies (D:7)
  2 water moccasin skeletons (D:6)
  6 killer bees (D:8)
  5 howler monkeys
  3 jellies
  3 wights (D:9)
  2 centaur zombies
  9 orc priests
  4 iguanas
  16 orc wizards
  A hound skeleton (D:5)
  2 howler monkey zombies
  13 gnolls
  3 river rats (Sewer)
  6 adders
  An adder skeleton (D:4)
  2 worms
  A dart slug (D:2)
  47 orcs
  9 ball pythons
  4 endoplasms
  4 giant cockroaches
  A goblin (D:3)
  6 hobgoblins
  14 jackals
  15 kobolds
  2 quokkas
  3 bats
  5 frilled lizards
  5 rats
310 creatures vanquished.

Vanquished Creatures (collateral kills)
  An orc warrior (D:11)
  A gnoll sergeant (D:10)
  2 orc wizards
  3 orcs (D:11)
  5 foxfires
12 creatures vanquished.

Vanquished Creatures (others)
  1266 foxfires
  8 fungi (D:10)
  32 plants
1306 creatures vanquished.

Grand Total: 1628 creatures vanquished

Notes
Turn   | Place    | Note
-------+----------+-------------------------------------------
     0 | D:1      | funkygono the Human Fire Elementalist began the quest for
                  | the Orb.
     0 | D:1      | Reached XP level 1. HP: 13/13 MP: 3/3
   436 | D:1      | Reached XP level 2. HP: 19/19 MP: 1/5
   439 | D:1      | Learned a level 2 spell: Scorch
   516 | D:1      | Found a faded altar of an unknown god.
   945 | D:2      | Reached XP level 3. HP: 20/24 MP: 0/6
  1214 | D:2      | You fall into a shaft and drop 1 floor!
  2164 | D:3      | Reached XP level 4. HP: 30/30 MP: 6/8
  2173 | D:3      | Learned a level 3 spell: Conjure Flame
  2706 | D:4      | Found a glowing drain.
  2749 | Sewer    | Entered a sewer
  2900 | Sewer    | Reached XP level 5. HP: 35/35 MP: 4/9
  2903 | Sewer    | Noticed a kobold brigand
  2909 | Sewer    | Killed a kobold brigand
  3004 | Sewer    | Learned a level 4 spell: Flame Wave
  3164 | Sewer    | Reached XP level 6. HP: 38/41 MP: 5/11
  4206 | D:4      | Found a glowing golden altar of the Shining One.
  4475 | D:4      | Found a staircase to the Ecumenical Temple.
  4484 | D:4      | Reached XP level 7. HP: 46/46 MP: 6/13
  4496 | Temple   | Entered the Ecumenical Temple
  4771 | Temple   | Became a worshipper of Kikubaaqudgha
  4950 | D:4      | Identified 2 scrolls of acquirement
  4952 | D:4      | Acquired an Everburning Encyclopedia
  4963 | D:4      | Acquired a ring of wizardry
  5001 | D:5      | Entered Level 5 of the Dungeon
  5096 | D:5      | Reached skill level 5 in Fire Magic
  5290 | D:5      | Found an opulent altar of Gozag.
  5398 | D:5      | Found a snail-covered altar of Cheibriados.
  5414 | D:5      | Reached skill level 5 in Spellcasting
  5585 | D:5      | Noticed Pikel
  5610 | D:5      | Killed Pikel
  5611 | D:5      | Reached XP level 8. HP: 53/53 MP: 8/17
  5926 | D:5      | Noticed Grinder
  5929 | D:5      | Killed Grinder
  5930 | D:5      | Reached XP level 9. HP: 58/58 MP: 3/18
  6246 | D:5      | Reached skill level 5 in Necromancy
  6246 | D:5      | Reached XP level 10. HP: 70/70 MP: 18/22
  6274 | D:5      | Learned a level 4 spell: Sticky Flame
  6278 | D:5      | Learned a level 3 spell: Vampiric Draining
  6642 | D:6      | Noticed Sigmund
  6648 | D:6      | Killed Sigmund
  6648 | D:6      | Reached * piety under Kikubaaqudgha
  6648 | D:6      | Received a gift from Kikubaaqudgha
  7417 | D:6      | Learned a level 1 spell: Animate Skeleton
  7420 | D:6      | Learned a level 2 spell: Sublimation of Blood
  8189 | D:7      | Found a hazy altar of Hepliaklqana.
  8221 | D:7      | Found a radiant altar of Vehumet.
  8317 | D:7      | Found Udotudd's General Store.
  8841 | D:8      | Noticed a brown ugly thing
  8859 | D:8      | Killed a brown ugly thing
  9384 | D:8      | Found a hide-covered altar of Uskayaw.
  9464 | D:8      | Reached ** piety under Kikubaaqudgha
  9529 | D:8      | Learned a level 4 spell: Animate Dead
  9730 | D:9      | Reached XP level 11. HP: 48/75 MP: 14/24
 10656 | D:9      | Noticed a two-headed ogre
 10677 | D:9      | Reached skill level 10 in Fire Magic
 10678 | D:9      | Killed a two-headed ogre
 10982 | D:9      | Reached *** piety under Kikubaaqudgha
 10982 | D:9      | Received a gift from Kikubaaqudgha
 11327 | D:9      | Found a staircase to the Orcish Mines.
 11457 | D:9      | Learned a level 4 spell: Dispel Undead
 11490 | D:10     | Entered Level 10 of the Dungeon
 11666 | D:10     | Reached skill level 10 in Spellcasting
 11677 | D:10     | Identified the +1 robe "Lypuisk" {rPois MP+9}
 11797 | D:10     | Found a staircase to the Lair.
 12723 | D:11     | Noticed a cyan ugly thing
 12731 | D:11     | Killed a cyan ugly thing
 12827 | D:11     | Reached XP level 12. HP: 83/83 MP: 19/26
 13150 | D:11     | Reached **** piety under Kikubaaqudgha
 13477 | D:11     | Noticed a five-headed hydra
 13492 | D:11     | Killed a five-headed hydra
 14047 | D:11     | Noticed a five-headed hydra
 14056 | D:11     | Killed a five-headed hydra
 14439 | D:12     | Reached skill level 5 in Dodging
 15181 | D:12     | Learned a level 5 spell: Agony
 15304 | D:13     | Noticed a boulder beetle
 15329 | D:13     | Killed a boulder beetle
 15494 | D:13     | Noticed a catoblepas
 15514 | D:13     | Killed a catoblepas
 15515 | D:13     | Reached XP level 13. HP: 76/88 MP: 23/28
 15577 | D:13     | Found a runed translucent door.
 15581 | D:13     | Noticed Tenar's ghost (journeyman GrEE)
 15581 | D:13     | Noticed a stone giant
 15761 | D:13     | Noticed an eight-headed hydra
 15771 | D:13     | Killed an eight-headed hydra
 16129 | D:13     | Noticed a vault guard
 16162 | D:13     | Killed a vault guard
 16182 | D:13     | Noticed a vault guard
 16183 | D:13     | Noticed a vault guard
 16365 | D:13     | Killed a vault guard
 16448 | D:13     | Killed a vault guard
 16723 | D:13     | Reached ***** piety under Kikubaaqudgha
 16809 | D:13     | HP: 4/88 [yaktaur/bolt (21)]
 16810 | D:13     | Shot with a bolt by a yaktaur

Illustrated notes

Levels and vault maps discovered:
D:1:      psy_arrival_whirlpool, layout_basic,
          shapermc_ecumenical_altar_hornbeckon
D:2:      layout_loops_cross, minivault_26, hangedman_decor_riveting
D:3:      layout_basic, chequers_garden, grunt_decor_mini_mirrors
D:4:      layout_cave_pools, tso_metal_star, minmay_temple_entry_sparse_star,
          cheibrodos_sewer_entry_drain, minmay_fountain_box
D:5:      layout_basic, mainiacjoe_overflow_catwalk_spiral, uniq_edmund,
          uniq_pikel, uniq_grinder
D:6:      layout_gridville, uniq_sigmund
D:7:      layout_basic, mainiacjoe_overflow_two_lobes, serial_shops,
          nicolae_shop_trees
D:8:      layout_gridville, nicolae_uskayaw_dance_studio,
          chequers_serial_rivers_large_b
D:9:      layout_irregular_city, kennysheep_orc_monster_closet_entryway,
          hangedman_abyss_or_decor_slice
D:10:     layout_long_grid, grunt_lair_entry_orc_guard_hut
D:11:     layout_roguey [special_room_orc]
D:12:     layout_irregular_city
D:13:     layout_basic, grunt_vaults_entry_tiered, ebering_ghost_inner_flame,
          kennysheep_generic_room_7
Temple:   nicolae_temple_elliptical

Skill      XL: |  1  2  3  4  5  6  7  8  9 10 11 12 13 |
---------------+----------------------------------------+-----
Spellcasting   | 3 4 6 8 9 10 11 12 | 12.5
Conjurations   | 2 3 4 7 8 9 |  9.9
Fire Magic     | 4 6 8 9 10 11 12 | 12.0
Fighting       | 3 4 |  4.1
Staves         | 3 |  3.4
Dodging        | 4 5 |  5.3
Necromancy     | 5 6 |  6.3
Stealth        | |  2.0

Action                   |  1- 3 |  4- 6 |  7- 9 | 10-12 | 13-15 || total
-------------------------+-------+-------+-------+-------+-------++-------
Melee: Staff             |       |    17 |     2 |    11 |       ||    30
 Cast: Foxfire           |    58 |    80 |    50 |   491 |    62 ||   741
       Scorch            |     2 |    11 |    13 |    59 |    20 ||   105
       Flame Wave        |       |       |     1 |    14 |     3 ||    18
       Sticky Flame      |       |       |       |    39 |    15 ||    54
       Animate Skeleton  |       |       |       |     4 |       ||     4
       Vampiric Draining |       |       |       |     2 |       ||     2
       Conjure Flame     |       |       |       |     3 |       ||     3
       Animate Dead      |       |       |       |    19 |     4 ||    23
       Dispel Undead     |       |       |       |    11 |       ||    11
       Sublimation of Bl |       |       |       |     4 |       ||     4
       Agony             |       |       |       |       |     1 ||     1
  Use: Scroll            |     5 |       |     9 |    12 |       ||    26
       Potion            |       |       |     1 |       |     1 ||     2
Armor: Robe              |     6 |     2 |     3 |    41 |    12 ||    64
Dodge: Dodged            |    20 |     6 |     1 |   111 |    39 ||   177

Table legend: (Time is in decaauts)
 A = Elapsed time spent in this place.
 B = Non-inter-level travel time spent in this place.
 C = Inter-level travel time spent in this place.
 D = Time resting spent in this place.
 E = Time spent auto-exploring this place.
 F = Levels seen in this place.
 G = Mean time per level.
                   A        B        C        D        E       F      G
               +--------+--------+--------+--------+--------+-----+--------+
         Total |  17022 |  16538 |    484 |    567 |  13056 |  15 | 1134.8 |
       Dungeon |  15386 |  14927 |    459 |    567 |  11773 |  13 | 1183.5 |
        Temple |    299 |    275 |     24 |      0 |    199 |   1 |  299.0 |
         Sewer |   1336 |   1336 |      0 |      0 |   1084 |   1 | 1336.0 |
               +--------+--------+--------+--------+--------+-----+--------+

Top non-repeatable levels by time:
     D:9: 1917 daAuts
    D:11: 1519 daAuts
    D:13: 1518 daAuts
   Sewer: 1336 daAuts
    D:10: 1232 daAuts
     D:5: 1177 daAuts
     D:8: 1151 daAuts
     D:6: 1097 daAuts
    D:12: 1040 daAuts
     D:4: 1027 daAuts
     D:2: 1000 daAuts
     D:7: 990 daAuts
     D:1: 860 daAuts
     D:3: 851 daAuts
  Temple: 299 daAuts
